 Dungeon Crawl Stone Soup version 0.28-a0-906-g0406aca7d3 (webtiles) character file.

Game seed: 9680455348195025280

35 mcbry74 the Chopper (level 3, 0/31 HPs)
             Began as a Hill Orc Fighter on Nov 23, 2021.
             Killed by nerve-wracking pain
             ... invoked by Jessica
              (12 damage)
             ... on level 2 of the Dungeon.
             The game lasted 00:02:43 (1139 turns).

mcbry74 the Chopper (Hill Orc Fighter)              Turns: 1139, Time: 00:02:44

Health: 0/31       AC:  8    Str: 19    XL:     3   Next: 35%
Magic:  3/3        EV:  9    Int:  8    God:
Gold:   37         SH:  4    Dex: 10    Spells: 2/2 levels left

rFire   . . .      SeeInvis .   a - +0 war axe
rCold   . . .      Faith    .   c - +0 buckler
rNeg    . . .      Spirit   .   b - +0 scale mail
rPois   .          Reflect  .   (no helmet)
rElec   .          Harm     .   f - +0 cloak
rCorr   .          Rampage  .   (no gloves)
Will    .....                   (no boots)
Stlth   ..........              (no amulet)
HPRegen 0.10/turn               (no ring)
MPRegen 0.08/turn               (no ring)

@: no status effects
A: no striking features
a: no special abilities


You were on level 2 of the Dungeon.
You visited 1 branch of the dungeon, and saw 2 of its levels.

You collected 37 gold pieces.

Inventory:

Hand Weapons
 a - a +0 war axe (weapon)
Armour
 b - a +0 scale mail (worn)
 c - a +0 buckler (worn)
 f - a +0 cloak (worn)
Scrolls
 e - 2 scrolls of identify {unknown}
 h - a scroll of vulnerability {unknown}
Potions
 d - a potion of might
 g - 2 potions of heal wounds {unknown}


   Skills:
 - Level 3.6 Fighting
 + Level 4.9 Axes
 - Level 3.2 Armour
 - Level 3.2 Shields


You had 2 spell levels left.
You didn't know any spells.
Your spell library was empty.

Dungeon Overview and Level Annotations

Branches:
Dungeon (2/15)

Altars:

Annotations:
D:2 Jessica


Message History

Jessica shouts!
A worm comes into view.
Jessica casts a spell at you. Pain shoots through your body!
You closely miss Jessica. You block Jessica's attack.
Jessica closely misses you.
You hit Jessica but do no damage. Jessica hits you with a +0 dagger.
You hit Jessica but do no damage. You block Jessica's attack.
You hit Jessica.
Jessica is lightly wounded.
You slash the worm! Jessica hits you but does no damage.
You block the worm's attack.
You barely miss Jessica.
Jessica is lightly wounded.
You hit the worm but do no damage. Jessica hits you with a +0 dagger.
The worm bites you.
Jessica casts a spell.
Jessica blinks!
You hit the worm.
The worm is moderately wounded.
You hit the worm.
The worm is moderately wounded.
The worm barely misses you.
Jessica casts a spell.
Jessica blinks!
There are no items here.
There are no items here.
There are no items here.
You barely miss the worm.
The worm is lightly wounded.
Jessica casts a spell.
Jessica seems to speed up.
The worm bites you.
You slash the worm!
The worm is severely wounded.
The worm bites you but does no damage.
You slash the worm!
You kill the worm!
Jessica points at you and mumbles some strange words.
Pain shoots through your body!
You die...

..#...# #.# #.#...#
#.# .....#.##.#
#@...#.##.#######.
#....#.##.........
#...#.##.........
#..##.##.........
##†##.##.........
#@##.###........#
#.##.###....###<#
#.##...'........#
#....###......... .
######....####..#.###
. #.........#.....#.#
#.###.#.......#.....#
#
#.#...........+.....#
#.........#'#.#.....#


You could see Jessica (fast).

Vanquished Creatures
  A worm (D:2)
  3 ball pythons (D:1)
  4 endoplasms (D:1)
  A giant cockroach (D:1)
  5 goblins
  4 hobgoblins (D:1)
  4 jackals (D:1)
  3 kobolds
  2 quokkas (D:1)
  2 bats (D:1)
  A rat (D:1)
30 creatures vanquished.

Notes
Turn   | Place    | Note
-------+----------+-------------------------------------------
     0 | D:1      | mcbry74 the Hill Orc Fighter began the quest for the Orb.
     0 | D:1      | Reached XP level 1. HP: 19/19 MP: 1/1
    73 | D:1      | Reached skill level 3 in Axes
   198 | D:1      | Reached XP level 2. HP: 20/26 MP: 2/2
   267 | D:1      | Noticed a great orb of eyes
   269 | D:1      | Found a faded altar of an unknown god.
   277 | D:1      | Noticed a shining eye
   277 | D:1      | Noticed a golden eye
   277 | D:1      | Noticed a floating eye
   441 | D:1      | Reached skill level 4 in Axes
   598 | D:1      | Reached XP level 3. HP: 21/31 MP: 3/3
  1121 | D:2      | Noticed Jessica
  1139 | D:2      | Killed from afar by Jessica

Illustrated notes

Levels and vault maps discovered:
D:1:      mrwooster_arrival_statue, layout_basic,
          hellmonk_ecumenical_altar_watching_god
D:2:      layout_basic, uniq_jessica, uniq_natasha

Skill      XL: |  1  2 |
---------------+-------+-----
Axes           | 3 4 |  4.9
Fighting       | |  3.6
Armour         | |  3.2
Shields        | |  3.2

Action                   || total
-------------------------++-------
Melee: War axe           ||   136
Armor: Scale mail        ||    61
Dodge: Dodged            ||    62
Block: Buckler           ||    36

Table legend: (Time is in decaauts)
 A = Elapsed time spent in this place.
 B = Non-inter-level travel time spent in this place.
 C = Inter-level travel time spent in this place.
 D = Time resting spent in this place.
 E = Time spent auto-exploring this place.
 F = Levels seen in this place.
 G = Mean time per level.
                   A        B        C        D        E       F      G
               +--------+--------+--------+--------+--------+-----+--------+
         Total |   1179 |   1157 |     22 |    225 |    661 |   2 |  589.5 |
       Dungeon |   1179 |   1157 |     22 |    225 |    661 |   2 |  589.5 |
               +--------+--------+--------+--------+--------+-----+--------+

Top non-repeatable levels by time:
     D:1: 953 daAuts
     D:2: 225 daAuts
